 Dungeon Crawl Stone Soup version 0.21-a0-369-g397cdb2 (webtiles) character file.

3 Monsterracer the Insei (level 1, -2/15 HPs)
             Began as a Barachi Transmuter on Oct 15, 2017.
             Hit by a stone thrown by a kobold (3 damage)
             ... on level 1 of the Dungeon.
             The game lasted 00:00:17 (166 turns).

Monsterracer the Insei (Barachi Transmuter)          Turns: 166, Time: 00:00:18

Health: -2/15      AC:  2    Str: 11    XL:     1   Next: 50%
Magic:  2/3        EV: 12    Int: 13    God:
Gold:   13         SH:  0    Dex: 12    Spells: 3/4 levels left

rFire    . . .     SeeInvis .     - Unarmed
rCold    . . .     Gourm    .   (no shield)
rNeg     . . .     Faith    .   b - +0 robe
rPois    .         Spirit   .   (no helmet)
rElec    .         Reflect  .   (no cloak)
rCorr    .         Harm     .   (no gloves)
MR       .....                  (no boots)
Stlth    +.........             (no amulet)
HPRegen  0.05/turn              (no ring)
MPRegen  0.08/turn              (no ring)

@: appendage, slow
A: +LOS, swims, horns 2, slowness 1, strong legs 1
a: Hop, End Transformation


You were on level 1 of the Dungeon.
You were not hungry.
You had grown temporary horns.
You visited 1 branch of the dungeon, and saw 1 of its levels.

You collected 13 gold pieces.

Inventory:

Missiles
 a - 12 arrows
Armour
 b - a +0 robe (worn)
Books
 c - a book of Changes

   Spells                             Type                      Level
   a - Beastly Appendage              Transmutation                1
   b - Sticks to Snakes               Transmutation                2
   c - Spider Form                    Transmutation/Poison         3
   d - Ice Form                       Ice/Transmutation            4
   e - Blade Hands                    Transmutation                5
Comestibles
 d - a bread ration


   Skills:
 - Level 1.2 Fighting
 - Level 2.1 Dodging
 + Level 3.4 Unarmed Combat
 - Level 2.1 Spellcasting
 + Level 2.3 Transmutations


You had 3 spell levels left.
You knew the following spells:

 Your Spells              Type           Power        Failure   Level  Hunger
a - Beastly Appendage     Tmut           #.....       10%         1    ##.....


Dungeon Overview and Level Annotations

Branches:
Dungeon (1/15)

Altars:


Innate Abilities, Weirdness & Mutations

Shadows flee at your approach. (+LOS)
You can swim through water.
You cover ground slowly.
You can hop short distances.
You have a pair of horns on your head.


Message History

Things that are here:
a club; a hobgoblin corpse You barely miss the kobold.
Your headbutt misses the kobold.
Your transformation is almost over.
The kobold hits you.
* * * LOW HITPOINT WARNING * * *
Huge Dmg: -20%(-3hp) hp: 34%(5hp)
The hobgoblin shouts!
You hit the kobold but do no damage. The kobold hits you but does no damage.
A bat comes into view.
You hit the kobold but do no damage.
You headbutt the kobold, but do no damage.
The kobold barely misses you.
You hit the kobold but do no damage. The kobold closely misses you.
You hit the kobold.
The kobold is moderately wounded.
The kobold closely misses you.
A leopard gecko comes into view.
The kobold throws a stone.
The stone hits you but does no damage.
You see here a stone.
Casting: Beastly Appendage
Confirm with . or Enter, or press ? or * to list all spells.
You extend your transformation's duration.
The leopard gecko hisses angrily.
The kobold throws a stone.
The stone hits you.
* * * LOW HITPOINT WARNING * * *
Huge Dmg: -27%(-4hp) hp: 7%(1hp) Unknown command.
The kobold throws a stone.
The stone hits you.
You die...

#......##...# .#
#......##...# .#
####...##...# ##.♣
#.....>..## ♣≈..
###.##.#..# ♣♣###.♣.
#.##.##.# #.......
#.##.##.###.......
#.##.##.#≈#..##'##
#@##.##.#≈♣..#....
#)##.##.≈♣...#.<..
#K##.##...♣..#....
#...gb##+##.#♣...#....
#####.. #)##♣..#....
#.$. #.# ♣..#####
#.l.. #.# ♣....
!.....#.# #.....
......+.. #♣♣#♣.♣


You could see a leopard gecko, a hobgoblin, a bat and a kobold.

Vanquished Creatures
  A goblin (D:1)
  A hobgoblin (D:1)
  A rat (D:1)
3 creatures vanquished.

Notes
Turn   | Place    | Note
-------+----------+-------------------------------------------
     0 | D:1      | Monsterracer the Barachi Transmuter began the quest for the Orb.
     0 | D:1      | Reached XP level 1. HP: 15/15 MP: 3/3
   166 | D:1      | Hit by a stone thrown by a kobold

Vault maps used:
D:1:      saegor_arrival_under_anarchy, minmay_hexomino_f4

Action                   || total
-------------------------++-------
Melee: Unarmed           ||    15
       Headbutt          ||     1
 Cast: Beastly Appendage ||     2
Armor: Robe              ||     2
Dodge: Dodged            ||     7

Table legend:
 A = Spawn XP
 B = Non-spawn XP
 C = Spawn XP percentage of total XP
 D = Spawn monster count
 E = Non-spawn monster count
 F = Spawn count percentage of total count
 G = Total turns spent on level
                    A         B        C        D         E        F      G
               +---------+---------+-------+---------+---------+-------+---------
         Total |       0 |       5 |   0.0 |       0 |       3 |   0.0 |   166
               +---------+---------+-------+---------+---------+-------+---------
           D:1 |       0 |       5 |   0.0 |       0 |       3 |   0.0 |   166
               +---------+---------+-------+---------+---------+-------+---------

Vault maps used:
D:1:      saegor_arrival_under_anarchy, minmay_hexomino_f4
